 Dungeon Crawl Stone Soup version 0.31.0-32-g396128a36d (webtiles) character file.

Game seed: 8629600346226702855

1003 Doomgape the Covered (level 8, -4/51 HPs)
             Began as a Gargoyle Fighter on Apr 22, 2024.
             Was an Initiate of Hepliaklqana.
             Engulfed by a steam dragon's steam (16 damage)
             ... on level 6 of the Dungeon.
             The game lasted 00:14:24 (5015 turns).

Doomgape the Covered (Gargoyle Fighter)             Turns: 5015, Time: 00:14:24

Health: -4/51      AC: 17    Str: 23    XL:     8   Next: 20%
Magic:  8/8        EV:  8    Int:  8    God:    Hepliaklqana [......]
Gold:   239        SH:  5    Dex: 15    Spells: 7/7 levels left

rFire   . . .        a - +1 war axe
rCold   . . .        c - +0 buckler
rNeg    + . .        j - +1 chain mail
rPois   ∞            (no helmet)
rElec   +            (no cloak)
rCorr   .            (no gloves)
SInv    .            (no boots)
Will    .....        d - amulet of regeneration Stlth
                     f - +6 ring of dexterity
HPRegen 1.08/turn    (no ring)
MPRegen 0.11/turn

%: no passive effects
@: no status effects
A: sickness immunity, AC +5, negative energy resistance 1, electricity
resistance, torment resistance 1, petrification resistance
a: Renounce Religion


You were on level 6 of the Dungeon.
You worshipped Hepliaklqana.
Hepliaklqana was noncommittal.
You visited 2 branches of the dungeon, and saw 7 of its levels.

You collected 265 gold pieces.
You spent 26 gold pieces at shops.

Inventory:

Hand Weapons
 a - a +1 war axe (weapon)
Missiles
 h - 8 javelins (quivered)
Armour
 c - a +0 buckler (worn)
 j - a +1 chain mail (worn)
Jewellery
 d - an amulet of regeneration (around neck)
 f - a +6 ring of dexterity (left hand)
 p - a ring of protection from fire
Scrolls
 b - 2 scrolls of identify
 g - 4 scrolls of enchant weapon
 i - a scroll of fog
 m - 2 scrolls of vulnerability
 q - a scroll of enchant armour
Potions
 e - a potion of attraction
 k - 2 potions of might
 l - a potion of resistance {unknown}
 n - 2 potions of heal wounds {unknown}
 o - a potion of brilliance {unknown}
 r - a potion of haste {unknown}
 s - a potion of curing {unknown}


   Skills:
 - Level 6.3 Fighting
 + Level 5.1 Axes
 + Level 6.6 Armour
 + Level 4.1 Shields


You had 7 spell levels left.
You didn't know any spells.
Your spell library was empty.

Dungeon Overview and Level Annotations

Branches:
Dungeon (6/15)             Temple (1/1) D:5

Altars:
Ashenzari
Cheibriados
Dithmenos
Elyvilon
Fedhas
Gozag
Hepliaklqana
Kikubaaqudgha
Qazlal
Ru
Sif Muna
Trog
Uskayaw
Yredelemnul

Shops:
D:4 ?


Innate Abilities, Weirdness & Mutations

You are immune to sickness and miasma.
Your stone body is resilient. (AC +5)
You are immune to poison.
You resist negative energy. (rN+)
You are resistant to electric shocks. (rElec)
You are resistant to unholy torment.
You are immune to petrification.


Message History

The steam dragon bites you but does no damage.
The steam dragon claws you.
You slash the steam dragon!
The steam dragon is almost dead.
The steam dragon completely misses you. The steam dragon barely misses you.
The steam dragon breathes steam at you. The ball of steam hits you.
Unknown command.
You hit the steam dragon but do no damage.
The steam dragon is almost dead.
You are engulfed in a cloud of scalding steam.
* * * LOW HITPOINT WARNING * * *
The steam dragon barely misses you.
The steam dragon claws you but does no damage.
Unknown command.
You barely miss the steam dragon.
The steam dragon is almost dead.
You block the steam dragon's attack. x2
Unknown command.
You hit the steam dragon but do no damage.
The steam dragon is almost dead.
The steam dragon bites you.
* * * LOW HITPOINT WARNING * * *
The steam dragon claws you but does no damage.
The steam dragon bites you.
* * * LOW HITPOINT WARNING * * *
You block the steam dragon's attack.
You hit the steam dragon but do no damage.
The steam dragon is severely wounded.
The steam dragon bites you but does no damage.
The steam dragon closely misses you.
Unknown command.
You hit the steam dragon.
The steam dragon is almost dead.
The steam dragon breathes steam at you. The ball of steam misses you.
You hit the steam dragon but do no damage.
The steam dragon is almost dead.
You are engulfed in a cloud of scalding steam.
You die...

### ## #.. ..
###.# .#
..#.##.##
#.#.#... #5
#.#.#.# #..
#.#.D.#
#...###.#@)# #
#.......§)## #.
.###..####§)#+
#.
.......##..##
#.####.......##
#.#.......§###
#. .#........#
#.###.#...##..#
##.........#
#..#


You could see a steam dragon.

Vanquished Creatures
  Sigmund (D:2)
  A black bear (D:5)
  A centaur (D:6)
  A kobold brigand (D:6)
  A phantom (D:5)
  2 scorpions
  A jelly (D:4)
  A hound (D:5)
  An orc priest (D:6)
  Jessica (D:3)
  An iguana (D:5)
  Natasha (D:2)
  3 orc wizards
  3 gnolls (D:5)
  5 adders
  An ufetubus (D:6)
  3 ribbon worms (D:2)
  2 dart slugs (D:2)
  8 orcs
  5 endoplasms
  5 giant cockroaches
  6 hobgoblins
  4 jackals (D:2)
  11 kobolds
  4 quokkas
  5 ball pythons
  4 bats
  2 frilled lizards
  10 goblins
  9 rats
103 creatures vanquished.

Vanquished Creatures (others)
  3 kobolds (D:6)
3 creatures vanquished.

Grand Total: 106 creatures vanquished

Notes
Turn   | Place    | Note
-------+----------+-------------------------------------------
     0 | D:1      | Doomgape the Gargoyle Fighter began the quest for the Orb.
     0 | D:1      | Reached XP level 1. HP: 14/14 MP: 1/1
   267 | D:1      | Reached XP level 2. HP: 14/19 MP: 2/2
  1237 | D:2      | Reached XP level 3. HP: 22/24 MP: 3/3
  1283 | D:2      | Noticed Sigmund
  1291 | D:2      | Killed Sigmund
  1292 | D:2      | Reached XP level 4. HP: 22/30 MP: 4/4
  1292 | D:2      | Reached XP level 5. HP: 25/34 MP: 5/5
  1522 | D:2      | Found a faded altar of an unknown god.
  1591 | D:2      | Noticed Natasha
  1597 | D:2      | Killed Natasha
  1646 | D:2      | Reached XP level 6. HP: 39/40 MP: 6/6
  1666 | D:2      | Reached skill level 5 in Fighting
  2411 | D:3      | Reached skill level 5 in Armour
  2652 | D:3      | Noticed Jessica
  2654 | D:3      | Killed Jessica
  2972 | D:4      | Found Moifauh's Magic Scroll Shoppe.
  2982 | D:4      | Bought a scroll of identify for 26 gold pieces
  3106 | D:4      | Reached XP level 7. HP: 44/44 MP: 7/7
  3962 | D:5      | Entered Level 5 of the Dungeon
  4217 | D:5      | Found a shimmering blue altar of Sif Muna.
  4730 | D:5      | Found a staircase to the Ecumenical Temple.
  4736 | Temple   | Entered the Ecumenical Temple
  4864 | Temple   | Became a worshipper of Hepliaklqana the Forgotten
  4960 | D:6      | Reached XP level 8. HP: 48/51 MP: 8/8
  4962 | D:6      | Reached skill level 5 in Axes
  5015 | D:6      | Engulfed by a steam dragon's steam

Illustrated notes

Levels and vault maps discovered:
D:1:      onia_arrival_mini_spirals, layout_basic, serial_forest,
          infiniplex_forest_corner_1, infiniplex_forest_clump_curved,
          infiniplex_forest_lined_2, infiniplex_forest_lined_room_2,
          infiniplex_forest_corner_2, infiniplex_forest_fountain,
          infiniplex_forest_lined_2, minmay_door_square
D:2:      layout_basic, shapermc_ecumenical_altar_ellora, uniq_sigmund,
          uniq_natasha
D:3:      layout_loops_cross, uniq_jessica
D:4:      layout_layer_cave, nicolae_stop_n_shop_2, minmay_misc_feat_tiny,
          chequers_decorated_corner
D:5:      layout_loops_corners, kennysheep_orc_sif_temple,
          minmay_temple_entry_hall
D:6:      kennysheep_spiral_hall, layout_basic, tso_metal_star, serial_shops,
          nicolae_shop_waterfront
Temple:   dshaligram_water_room_temple

Skill      XL: |  1  2  3  4  5  6  7  8 |
---------------+-------------------------+-----
Axes           | 2 3 4 5 |  5.1
Fighting       | 4 5 6 |  6.3
Armour         | 4 5 6 |  6.6
Shields        | 4 |  4.1

Action                     |  1- 3 |  4- 6 |  7- 9 || total
---------------------------+-------+-------+-------++-------
  Melee: War axe           |    65 |   166 |    91 ||   322
    Use: Potion            |     1 |       |       ||     1
         Scroll            |       |     8 |       ||     8
 Armour: Scale mail        |    24 |       |       ||    24
         Chain mail        |    17 |   114 |   106 ||   237
  Dodge: Dodged            |    29 |    62 |    47 ||   138
  Block: Buckler           |    14 |    34 |    24 ||    72
